 Dungeon Crawl Stone Soup version 0.22.1-2-g9c5b331 (webtiles) character file.

7606 Mesmaeker13 the Carver (level 10, -4/89 HPs)
             Began as a Demigod Gladiator on Dec 24, 2018.
             Slain by Snorg (13 damage)
             ... on level 10 of the Dungeon.
             The game lasted 00:22:41 (11854 turns).

Mesmaeker13 the Carver (Demigod Gladiator)         Turns: 11854, Time: 00:22:42

Health: -4/89      AC: 13    Str: 19    XL:     10   Next: 66%
Magic:  0/13       EV:  8    Int: 14    God:
Gold:   306        SH: 13    Dex: 19    Spells: 9/9 levels left

rFire    . . .     SeeInvis .   b - +4 short sword (freeze)
rCold    . . .     Gourm    .   F - +2 shield {reflect}
rNeg     . . .     Faith    .   s - +0 chain mail
rPois    +         Spirit   +   c - +0 helmet
rElec    .         Reflect  +   r - scarf {Spirit}
rCorr    .         Harm     .   e - +0 pair of gloves
MR       ++...                  (no boots)
Stlth    ..........             (no amulet)
HPRegen  0.24/turn              o - ring of poison resistance
MPRegen  0.13/turn              Q - ring of protection from magic

@: about to teleport
A: high mp 1, mutation resistance 1
a: no special abilities


You were on level 10 of the Dungeon.
You were not hungry.

You visited 1 branch of the dungeon, and saw 11 of its levels.

You collected 585 gold pieces.
You spent 279 gold pieces at shops.

Inventory:

Hand Weapons
 a - a +0 long sword
 b - a +4 short sword of freezing (weapon)
 i - a +0 blowgun
 y - a cursed -3 shortbow
 I - a +1 morningstar of crushing
Missiles
 u - 30 poisoned needles
 D - 11 tomahawks (quivered)
Armour
 c - a +0 helmet (worn)
 e - a +0 pair of gloves (worn)
 r - a scarf of spirit shield (worn)
 s - a +0 chain mail (worn)
 C - the +1 ring mail "Rufudgh" {rElec}
   (You took it off an orc on level 3 of the Dungeon)

   It insulates you from electricity.
 E - a +2 cloak
 F - a +2 shield of reflection (worn)
 M - a +0 plate armour
Jewellery
 k - an uncursed ring of flight
 o - a ring of poison resistance (left hand)
 w - an uncursed ring of fire
 z - the ring "Qemots" {Ice rPois}
   (You found it on level 6 of the Dungeon)

   [ring of ice]

   It enhances your ice magic.
   It makes you vulnerable to fire.
   It protects you from cold.
   It protects you from poison.
 Q - a ring of protection from magic (right hand)
Wands
 L - a wand of clouds (6)
Scrolls
 d - a scroll of noise
 g - 9 scrolls of remove curse
 p - 2 scrolls of fog {unknown}
 q - 3 scrolls of enchant weapon
 v - 3 scrolls of teleportation
 x - a scroll of immolation {unknown}
 B - 2 scrolls of fear {unknown}
 H - a scroll of magic mapping
 O - 2 scrolls of blinking {unknown}
Potions
 h - 4 potions of brilliance
 j - a potion of degeneration {unknown}
 l - 5 potions of curing
 n - 2 potions of mutation
 G - a potion of resistance {unknown}
 N - a potion of berserk rage {unknown}
 P - a potion of flight
Comestibles
 f - 21 rations
 K - 4 chunks of flesh


   Skills:
 + Level 8.3 Fighting
 + Level 8.6 Long Blades
 - Level 3.1 Throwing
 + Level 7.9 Armour
 - Level 3.1 Dodging
 + Level 6.0 Shields


You had 9 spell levels left.
You didn't know any spells.
Your spell library contained the following spells:

 Spells                   Type           Power        Failure   Level  Hunger
 Animate Skeleton         Necr           N/A          100%        1    ##.....
 Confusing Touch          Hex            #.....       100%        1    ##.....
 Pain                     Necr           #...         100%        1    ##.....
 Confuse                  Hex            #.......     100%        3    ####...
 Gell's Gravitas          Tloc           #.........   100%        3    ####...
 Regeneration             Chrm/Necr      #.........   100%        3    ####...
 Vampiric Draining        Necr           #.........   100%        3    ####...
 Animate Dead             Necr           N/A          100%        4    #####..
 Petrify                  Tmut/Erth      #.......     100%        4    #####..
 Summon Lightning Spire   Summ/Air       #.......     100%        4    #####..
 Bolt of Magma            Conj/Fire/Erth #.........   100%        5    ######.
 Iskenderun's Battlesphe  Conj/Chrm      #.......     100%        5    ######.
 Metabolic Englaciation   Hex/Ice        #.........   100%        5    ######.
 Silence                  Hex/Air        #.........   100%        5    ######.
 Venom Bolt               Conj/Pois      #.........   100%        5    ######.
 Yara's Violent Unravell  Hex/Tmut       #.........   100%        5    ######.
 Conjure Ball Lightning   Conj/Air       #.........   100%        6    #######
 Deflect Missiles         Chrm/Air       #.........   100%        6    #######
 Iron Shot                Conj/Erth      #.........   100%        6    #######
 Orb of Destruction       Conj           #.........   100%        7    #######
 Spellforged Servitor     Conj/Summ      #.........   100%        7    #######
 Tornado                  Air            #.........   100%        9    #######


Dungeon Overview and Level Annotations

Branches:
Dungeon (11/15)            Temple (0/1) D:7            Lair (0/6) D:9
    Orc: D:9-12

Shops:
D:6 *   D:8 [   D:10 %

Annotations:
D:10 Snorg


Innate Abilities, Weirdness & Mutations

You have an increased reservoir of magic. (+10% MP)
You are somewhat resistant to further mutation.


Message History

You feel much better. Snorg bites you!
* * * LOW HITPOINT WARNING * * *
You block Snorg's attack. Snorg claws you but does no damage.
You feel much better.
You block Snorg's attack. x2; Snorg claws you.
You block Snorg's attack. Snorg claws you! Snorg claws you but does no damage.
As you read the scroll of teleportation, it crumbles to dust.
You feel strangely unstable. You block Snorg's attack.
Snorg claws you but does no damage. You block Snorg's attack. Snorg bites you!
* * * LOW HITPOINT WARNING * * *
Snorg claws you!
* * * LOW HITPOINT WARNING * * *
You block Snorg's attack.
Unknown command.
You feel better. You block Snorg's attack. Snorg claws you!
* * * LOW HITPOINT WARNING * * *
Snorg closely misses you.
Unknown command.
You feel better. You block Snorg's attack. Snorg claws you!
You die...

#...#################.####.###
#.#.###....#.##....##.# #....
#...#.#..#.#.##....#######..(.
#../#.#..#.#.##....#...#.####+
#.#/'.#....#.#####.#...#......
#..>#.#....#.#####.#...#...?..
#...#.#.##.#.......#...#.###+#
#.#.###....####'####...#.#....
#.#....####.T@.........#.#.###
#......#..#..........#.'.#.###
#......#..#.##.......#.###....
#......#..#...................
#.#..#.#..#.....#####'#.....#.
#......#..'..#..# #.#..#..#.
#......####..#..# #.#.......
#....#..........#####.##'##...
#.#..#..#.......#.........#...


You could see Snorg (berserk).

Vanquished Creatures
  A troll (D:9)
  A hippogriff (D:10)
  A spriggan (D:7)
  Sigmund (D:2)
  5 yaks (D:9)
  Grum (D:8)
  3 hungry ghosts
  The ghost of RoboWizard the Insei, an amateur GnTm (D:3)
  Duvessa (D:3)
  3 sky beasts
  5 orc warriors
  A phantom (D:8)
  A black bear (D:10)
  A necrophage (D:8)
  5 ice beasts
  4 ogres
  4 wolves (D:8)
  5 centaurs
  Blork the orc (D:4)
  3 bullfrogs
  A scorpion (D:8)
  Dowan (D:4)
  3 killer bees (D:9)
  4 wights (D:9)
  4 howler monkeys
  A centaur zombie (D:10)
  A quasit (D:10)
  5 crimson imps
  5 orc priests
  A bullfrog zombie (D:5)
  11 hounds
  3 centaur skeletons
  2 iguanas
  5 jellies
  6 orc wizards
  2 bullfrog skeletons
  Jessica (D:3)
  Ijyb (D:2)
  5 worker ants
  A hound skeleton (D:10)
  2 worker ant zombies
  A howler monkey zombie (D:9)
  9 adders
  2 gnolls (D:5)
  3 oozes
  An adder skeleton (D:5)
  4 worms
  3 dart slugs (D:2)
  6 leopard geckos
  61 orcs
  6 giant cockroaches
  4 goblins
  5 hobgoblins
  9 jackals
  5 quokkas
  8 bats
  5 frilled lizards
  5 kobolds
  A leopard gecko skeleton (D:9)
  8 rats
259 creatures vanquished.

Vanquished Creatures (others)
  A centaur (D:10)
  4 toadstools (D:1)
5 creatures vanquished.

Grand Total: 264 creatures vanquished

Notes
Turn   | Place    | Note
-------+----------+-------------------------------------------
     0 | D:1      | Mesmaeker13 the Demigod Gladiator began the quest for the
                  | Orb.
     0 | D:1      | Reached XP level 1. HP: 17/17 MP: 3/3
   458 | D:2      | Found a snail-covered altar of Cheibriados.
   482 | D:2      | Found an ancient bone altar of Kikubaaqudgha.
   517 | D:2      | Reached XP level 2. HP: 24/24 MP: 4/4
  1310 | D:2      | Reached XP level 3. HP: 29/30 MP: 3/5
  1491 | D:2      | Noticed Sigmund
  1508 | D:2      | Killed Sigmund
  1508 | D:2      | Reached XP level 4. HP: 29/38 MP: 3/6
  1508 | D:2      | Reached XP level 5. HP: 34/45 MP: 3/7
  2008 | D:3      | Found a hazy altar of Hepliaklqana.
  2057 | D:3      | Noticed Ijyb
  2271 | D:2      | Gained mutation: You are somewhat resistant to further
                  | mutation. [potion of mutation]
  2290 | D:2      | Killed Ijyb
  2458 | D:3      | Noticed an ice beast
  2485 | D:3      | Killed an ice beast
  2485 | D:3      | Reached XP level 6. HP: 52/52 MP: 8/8
  2545 | D:3      | Found a runed gate.
  2548 | D:3      | Found a runed gate.
  2548 | D:3      | Noticed RoboWizard's ghost (amateur GnTm)
  2549 | D:3      | Found a roughly hewn altar of Beogh.
  2549 | D:3      | Found a runed gate.
  3319 | D:3      | Noticed Jessica
  3322 | D:3      | Killed Jessica
  3779 | D:4      | Found an opulent altar of Gozag.
  3981 | D:4      | Noticed Duvessa
  3981 | D:4      | Noticed Dowan
  3982 | D:4      | Noticed Blork the orc
  4283 | D:4      | Killed Blork the orc
  4283 | D:4      | Reached XP level 7. HP: 39/60 MP: 5/9
  4505 | D:4      | Killed Dowan
  4505 | D:4      | Reached skill level 5 in Long Blades
  4505 | D:4      | Reached skill level 1 in Shields
  4672 | D:3      | Killed Duvessa
  4830 | D:4      | Found a burning altar of Makhleb.
  4889 | D:5      | Entered Level 5 of the Dungeon
  5535 | D:5      | Reached skill level 5 in Fighting
  5796 | D:6      | Found a shattered altar of Ashenzari.
  5820 | D:6      | Found Bounous's General Store.
  5825 | D:6      | Bought a scroll of teleportation for 39 gold pieces
  5857 | D:6      | Reached XP level 8. HP: 51/68 MP: 8/10
  5947 | D:6      | Got a wavering amber ring
  5949 | D:6      | Identified the ring "Qemots" {Ice rPois} (You found it on
                  | level 6 of the Dungeon)
  6185 | D:6      | Found a sparkling altar of Nemelex Xobeh.
  6186 | D:6      | Found a blossoming altar of Fedhas.
  6547 | D:7      | Found a shimmering altar of Xom.
  6547 | D:7      | Found a shimmering altar of Xom.
  6547 | D:7      | Found a shimmering altar of Xom.
  6639 | D:7      | Reached skill level 5 in Armour
  6761 | D:7      | Found a shadowy altar of Dithmenos.
  6873 | D:7      | Found an iron altar of Okawaru.
  6884 | D:7      | Found a staircase to the Ecumenical Temple.
  6963 | D:7      | Found a glowing golden altar of the Shining One.
  7470 | D:7      | You fall through a shaft!
  7820 | D:3      | Killed RoboWizard's ghost
  7820 | D:3      | Reached XP level 9. HP: 68/77 MP: 11/11
  7826 | D:3      | Got an ichor-stained dagger {antimagic}
  7826 | D:3      | Got a fine ring mail
  7908 | D:3      | Identified the +1 ring mail "Rufudgh" {rElec} (You took it
                  | off an orc on level 3 of the Dungeon)
  7918 | D:3      | Identified the +1 dagger of Kiddishru {antimagic, rPois
                  | Int-3 Dex+3} (You took it off an orc on level 3 of the
                  | Dungeon)
  8153 | D:8      | Noticed Grum
  8168 | D:8      | Killed Grum
  8668 | D:8      | Found Jeppoiz's Armour Shop.
  8672 | D:8      | Bought a +2 shield of reflection for 240 gold pieces
  9376 | D:9      | Found a staircase to the Lair.
  9648 | D:9      | Reached XP level 10. HP: 78/86 MP: 11/13
  9768 | D:9      | Reached skill level 5 in Shields
 10507 | D:10     | Entered Level 10 of the Dungeon
 11104 | D:10     | Found Jiakhoyj's Food Emporium.
 11826 | D:11     | Noticed Snorg
 11853 | D:10     | HP: 2/89 [Snorg (16)]
 11854 | D:10     | Slain by Snorg

Skill      XL: |  1  2  3  4  5  6  7  8  9 10 |
---------------+-------------------------------+-----
Fighting       | 2 3 4 5 6 7 8 |  8.3
Long Blades    | 3 4 5 6 7 8 |  8.6
Dodging        | 3 |  3.1
Armour         | 2 3 4 5 7 |  7.9
Shields        | 2 4 6 |  6.0
Throwing       | 3 |  3.1

Action                   |  1- 3 |  4- 6 |  7- 9 | 10-12 || total
-------------------------+-------+-------+-------+-------++-------
Melee: Long sword        |    71 |   216 |    26 |       ||   313
       Short sword       |       |       |   587 |   351 ||   938
 Fire: Blowgun           |       |       |     7 |       ||     7
Throw: Throwing net      |     4 |     4 |     1 |       ||     9
       Tomahawk          |       |       |    20 |    17 ||    37
  Use: Scroll            |     1 |     5 |     5 |     1 ||    12
       Potion            |       |     6 |       |     4 ||    10
 Stab: Held in net/web   |     1 |       |       |       ||     1
  Eat: Chunk             |     2 |     9 |    19 |    14 ||    44
Armor: Scale mail        |    39 |    72 |    68 |       ||   179
       Ring mail         |     1 |       |       |       ||     1
       Skin              |       |    12 |       |       ||    12
       Chain mail        |       |       |   161 |   132 ||   293
Dodge: Dodged            |    45 |   115 |   173 |    81 ||   414
Block: Buckler           |     5 |    43 |   104 |       ||   152
       Shield            |       |       |    91 |   231 ||   322
       Reflection        |       |       |     1 |     8 ||     9
       Rpst.: Long sword |    12 |    34 |     5 |       ||    51
